 Dungeon Crawl Stone Soup version 0.20-a0-959-gdc9e609 (webtiles) character file.

152 LessRight the Poker (level 5, -1/38 HPs)
             Began as a Merfolk Skald on Apr 7, 2017.
             Slain by a quasit (2 damage)
             ... while paralysed
             ... on level 3 of the Dungeon.
             The game lasted 00:10:57 (3017 turns).

LessRight the Poker (Merfolk Skald)                 Turns: 3017, Time: 00:10:57

Health: -1/38      AC:  3    Str: 17      XL:     5   Next: 34%
Magic:  8/8        EV:  2    Int: 13      God:
Gold:   91         SH:  0    Dex:  0 (13) Spells: 7/8 levels left

rFire    . . .     SeeInvis .   a - +0 spear
rCold    . . .     Gourm    .   (no shield)
rNeg     . . .     Faith    .   b - +0 leather armour
rPois    .         Spirit   .   (no helmet)
rElec    .         Reflect  .   (no cloak)
rCorr    .         Harm     .   (no gloves)
MR       .....                  (no boots)
Stlth    ..........             (no amulet)
Regen    0.2/turn               (no ring)
MPRegen  0.2/turn               (no ring)

@: paralysed, mighty, slowed, lost dexterity
A: change form in water, swift swim, stealthy swim
a: no special abilities


You were on level 3 of the Dungeon.
You were not hungry.

You visited 1 branch of the dungeon, and saw 3 of its levels.

You collected 91 gold pieces.

Inventory:

Hand Weapons
 a - a +0 spear (weapon)
Missiles
 f - 26 poisoned needles
 g - 5 tomahawks (quivered)
 j - 6 javelins
Armour
 b - a +0 leather armour (worn)
Jewellery
 n - an uncursed ring of poison resistance {unknown}
 t - a +5 ring of intelligence {unknown}
Scrolls
 e - 3 scrolls of identify {unknown}
 i - 3 scrolls of recharging {unknown}
 k - a scroll of teleportation {unknown}
 s - a scroll of noise {unknown}
 u - a scroll of immolation {unknown}
Potions
 l - a potion of invisibility {unknown}
 p - a potion of magic {unknown}
 q - a potion of curing {unknown}
 r - a potion of mutation {unknown}
 v - a potion of lignification {unknown}
 x - a potion of degeneration {unknown}
Books
 c - a book of Battle

   Spells                             Type                      Level
   a - Infusion                       Charms                       1
   b - Shroud of Golubria             Charms/Translocation         2
   c - Song of Slaying                Charms                       2
   d - Spectral Weapon                Hexes/Charms                 3
   e - Regeneration                   Charms/Necromancy            3
Comestibles
 d - 4 bread rations
 h - a meat ration
 w - 3 fruits


   Skills:
 - Level 2.1 Fighting
 + Level 7.8 Polearms
 - Level 0.6 Armour
 - Level 2.6 Dodging
 - Level 2.0 Spellcasting
 - Level 3.2 Charms


You had 7 spell levels left.
You knew the following spells:

 Your Spells              Type           Power        Failure   Level  Hunger
a - Infusion              Chrm           #...         10%         1    ##.....


Dungeon Overview and Level Annotations

Branches:
Dungeon (3/15)

Altars:
Cheibriados


Message History

The quasit is severely wounded.
You are no longer magically infusing your attacks.
The quasit barely misses you. The quasit claws you.
* * * LOW HITPOINT WARNING * * *
You feel clumsy.
You have lost your dexterity.
The quasit claws you.
* * * LOW HITPOINT WARNING * * *
The quasit bites you but does no damage.
The quasit claws you but does no damage. x2
The quasit completely misses you.
The quasit claws you but does no damage. x2
The quasit barely misses you.
The quasit claws you but does no damage. x2
The quasit bites you but does no damage.
The quasit claws you but does no damage.
The quasit barely misses you. The quasit barely misses you.
The quasit claws you.
* * * LOW HITPOINT WARNING * * *
The quasit claws you.
You die...

.##....###....#(# #.#
.##....##..#..### .. ...
.......#...#.^.# .. # #
#.# .......#.#.#.#.# . .
.# ....#..#.#.#.###
#..#. ....#..#.#...#
.#..#
....#...##...####..#.##
....#...#..#..#.#5....##
..........###...@.8.8...
...##.#.#..#..#.#.....##
...##.#.##...####..#.##
#..##.##.#...# .#..#
......##.#.#.### #..#.
......##.#.#.#.# . . .#
......##...#...# .. # #
......###..#..### ..
......# ##....#.#


You could see a quasit.

Vanquished Creatures
  Jessica (D:3)
  A killer bee zombie (D:3)
  4 adders
  An ooze (D:1)
  3 worms (D:3)
  A leopard gecko (D:2)
  An orc (D:3)
  3 giant cockroaches (D:2)
  3 goblins
  7 hobgoblins
  4 jackals (D:2)
  2 quokkas
  7 bats
  2 frilled lizards (D:1)
  5 kobolds
  11 rats
56 creatures vanquished.

Notes
Turn   | Place    | Note
-------+----------+-------------------------------------------
     0 | D:1      | LessRight the Merfolk Skald began the quest for the Orb.
     0 | D:1      | Reached XP level 1. HP: 16/16 MP: 3/3
   347 | D:1      | Reached skill level 4 in Polearms
   347 | D:1      | Reached XP level 2. HP: 19/22 MP: 5/5
   701 | D:2      | Reached skill level 5 in Polearms
   701 | D:2      | Reached XP level 3. HP: 15/27 MP: 6/6
  1536 | D:2      | Found a snail-covered altar of Cheibriados.
  1608 | D:2      | Reached skill level 6 in Polearms
  1615 | D:2      | Reached XP level 4. HP: 20/33 MP: 7/7
  2294 | D:3      | Noticed Jessica
  2306 | D:3      | Killed Jessica
  2306 | D:3      | Reached skill level 7 in Polearms
  2400 | D:3      | Reached XP level 5. HP: 33/38 MP: 8/8
  3013 | D:3      | Lost dexterity.
  3013 | D:3      | HP: 1/38 [quasit (2)]
  3017 | D:3      | Slain by a quasit

Vault maps used:
D:1:      lemuel_arrival_broad_hall
D:2:      lemuel_coloured_pillars_altar
D:3:      wad_crossroads, gammafunk_temple_overflow_pools, uniq_jessica

Skill      XL: |  1  2  3  4 |
---------------+-------------+-----
Polearms       | 4 5 6 7 |  7.8
Fighting       | |  2.1
Armour         | |  0.6
Dodging        | |  2.6
Spellcasting   | |  2.0
Charms         | |  3.2

Action                   |  1- 3 |  4- 6 || total
-------------------------+-------+-------++-------
Melee: Spear             |   174 |   178 ||   352
 Cast: Infusion          |     3 |     2 ||     5
  Use: Potion            |       |     1 ||     1
 Stab: Sleeping          |       |     1 ||     1
  Eat: Chunk             |     2 |     5 ||     7
Armor: Leather armour    |    23 |    46 ||    69
Dodge: Dodged            |    73 |    90 ||   163
